 Dungeon Crawl Stone Soup version 0.29.1-15-g9cfb28693d (webtiles) character file.

Game seed: 16850648870708482231

11 Ast3rio the Stinger (level 2, -2/15 HPs)
             Began as a Deep Elf Venom Mage on Mar 28, 2023.
             Slain by a kobold
             ... wielding a +0 short sword
              (4 damage)
             ... on level 1 of the Dungeon.
             The game lasted 00:00:50 (242 turns).

Ast3rio the Stinger (Deep Elf Venom Mage)            Turns: 242, Time: 00:00:51

Health: -2/15      AC:  2    Str:  5    XL:     2   Next: 13%
Magic:  0/8        EV: 12    Int: 19    God:
Gold:   0          SH:  0    Dex: 15    Spells: 6/7 levels left

rFire   . . .      SeeInvis .   (no weapon)
rCold   . . .      Faith    .   (no shield)
rNeg    . . .      Spirit   .   a - +0 robe
rPois   .          Reflect  .   (no helmet)
rElec   .          Harm     .   (no cloak)
rCorr   .          Rampage  .   (no gloves)
Will    .....                   (no boots)
Stlth   ++........              (no amulet)
HPRegen 0.05/turn               (no ring)
MPRegen 0.11/turn               (no ring)

@: very slightly contaminated
A: no striking features
a: no special abilities


You were on level 1 of the Dungeon.
You visited 1 branch of the dungeon, and saw 1 of its levels.

Inventory:

Armour
 a - a +0 robe (worn)
Potions
 c - 2 potions of might {unknown}


   Skills:
 + Level 2.6 Dodging
 + Level 2.8 Stealth
 + Level 3.4 Spellcasting
 + Level 1.1 Transmutations
 + Level 3.4 Poison Magic


You had 6 spell levels left.
You knew the following spells:

 Your Spells              Type           Power      Damage    Failure   Level
a - Sting                 Tmut/Pois      44%        1d5       6%          1

Your spell library contained the following spells:

 Spells                   Type           Power      Damage    Failure   Level
 Poisonous Vapours        Pois/Air       18%        N/A       11%         2
 Mephitic Cloud           Conj/Pois/Air  7%         N/A       26%         3
 Olgreb's Toxic Radiance  Pois           16%        N/A       34%         4
 Gell's Gravitas          Tloc           3%         N/A       41%         3
 Lesser Beckoning         Tloc           3%         N/A       41%         3
 Teleport Other           Tloc           3%         N/A       41%         3


Dungeon Overview and Level Annotations

Branches:
Dungeon (1/15)

Altars:


Message History

Confirm with . or Enter, or press ? or * to list all spells.
Aiming: Sting (safe; 6% risk of failure)
Press: ? - help, Shift-Dir - straight line, f/p - hobgoblin
Aim: a hobgoblin (severely wounded, poisoned, 71% to hit)
The sting misses the hobgoblin.
The hobgoblin barely misses you.
The kobold hits you with a +0 short sword.
* * * LOW HITPOINT WARNING * * *
Casting: Sting (safe; 6% risk of failure)
Confirm with . or Enter, or press ? or * to list all spells.
Aiming: Sting (safe; 6% risk of failure)
Press: ? - help, Shift-Dir - straight line, f/p - hobgoblin
Aim: a hobgoblin (almost dead, poisoned, 71% to hit)
The sting hits the hobgoblin.
The hobgoblin looks even sicker.
You kill the hobgoblin!
The kobold hits you with a +0 short sword.
* * * LOW HITPOINT WARNING * * *
Unknown command.
Casting: Sting (safe; 6% risk of failure)
Confirm with . or Enter, or press ? or * to list all spells.
Aiming: Sting (safe; 6% risk of failure)
Press: ? - help, Shift-Dir - straight line, f - kobold
Aim: a kobold, wielding a +0 short sword and quivering stones (64% to hit)
The sting hits the kobold but does no damage.
The kobold is poisoned.
The kobold closely misses you.
Casting: Sting (safe; 6% risk of failure)
Confirm with . or Enter, or press ? or * to list all spells.
Aiming: Sting (safe; 6% risk of failure)
Press: ? - help, Shift-Dir - straight line, f/p - kobold
Aim: a kobold, wielding a +0 short sword and quivering stones (poisoned, 64% to hit)
The sting hits the kobold but does no damage.
The kobold looks even sicker.
The kobold closely misses you. The kobold attacks as you move away!
The kobold closely misses you.
Casting: Sting (safe; 6% risk of failure)
Confirm with . or Enter, or press ? or * to list all spells.
Aiming: Sting (safe; 6% risk of failure)
Press: ? - help, Shift-Dir - straight line, f/p - kobold
Aim: a kobold, wielding a +0 short sword and quivering stones (moderately wounded, very poisoned, 64% to hit)
The sting misses the kobold.
The kobold hits you with a +0 short sword.
You die...

...♣.♣.............).
..♣._.♣.........##...
...♣.♣[.........##... .
.###...♣...........#....
..
...................#....
...
...##......##....#....
....
............#...#...#
.....####.###.....#...#
..)...†..K@.......#...#
.......†..###.....##....
##.....†..# ............
#........#..........
..........#...........
..........#...........
.....#...######.....#
.....#...# .....
#....#...#


You could see a kobold (very poisoned).

Vanquished Creatures
  2 giant cockroaches (D:1)
  2 goblins (D:1)
  2 hobgoblins (D:1)
  A kobold (D:1)
  A ball python (D:1)
  A rat (D:1)
9 creatures vanquished.

Notes
Turn   | Place    | Note
-------+----------+-------------------------------------------
     0 | D:1      | Ast3rio the Deep Elf Venom Mage began the quest for the
                  | Orb.
     0 | D:1      | Reached XP level 1. HP: 10/10 MP: 6/6
   202 | D:1      | Found a faded altar of an unknown god.
   219 | D:1      | Reached XP level 2. HP: 12/15 MP: 0/8
   242 | D:1      | Slain by a kobold

Illustrated notes

Levels and vault maps discovered:
D:1:      onia_arrival_mini_spirals, layout_basic,
          chequers_ecumenical_altar_simple_redux, nicolae_figureground_sparkle

Action                   || total
-------------------------++-------
Melee: Unarmed           ||    12
 Cast: Sting             ||    18
  Use: Potion            ||     1
Armor: Robe              ||     9
Dodge: Dodged            ||    26
